 Dungeon Crawl Stone Soup version 0.28.0-43-g3370ac3207 (webtiles) character file.

Game seed: 13015643736985472220

6059 adizb the Cardsharp (level 10, -2/86 HPs)
             Began as a Ghoul Monk on Mar 6, 2022.
             Was a High Priest of Nemelex Xobeh.
             Shot with an arrow by a centaur (9 damage)
             ... on level 9 of the Dungeon.
             The game lasted 00:38:21 (5250 turns).

adizb the Cardsharp (Ghoul Monk)                    Turns: 5250, Time: 00:38:22

Health: -2/86      AC: 13    Str: 18    XL:     10   Next: 87%
Magic:  14/15      EV:  7    Int:  5    God:    Nemelex Xobeh [*****.]
Gold:   641        SH:  0    Dex: 19    Spells: 9/9 levels left

rFire   . . .      SeeInvis .     - Unarmed
rCold   + . .      Faith    +   (no shield)
rNeg    + + +      Spirit   .   h - +0 plate armour
rPois   ∞          Reflect  .   (no helmet)
rElec   .          Harm     .   A - scarf {repulsion}
rCorr   .          Rampage  .   (no gloves)
Will    .....                   (no boots)
Stlth   ..........              m - amulet of faith
HPRegen 0.00/turn               s - +6 ring of dexterity
MPRegen 0.14/turn               (no ring)

@: inhibited regen, studying Evocations, repel missiles
A: claws 1, cold resistance 1, negative energy resistance 3, inhibited
regeneration, torment resistance 2
a: Renounce Religion, Draw Escape, Draw Destruction, Draw Summoning, Triple
Draw, Deal Four, Stack Five


You were on level 9 of the Dungeon.
You worshipped Nemelex Xobeh.
Nemelex Xobeh was extremely pleased with you.
You visited 1 branch of the dungeon, and saw 9 of its levels.
You also visited: Sewer.

You collected 641 gold pieces.

Inventory:

Armour
 a - a +0 robe
 e - a +0 cloak
 h - a +0 plate armour (worn)
 i - a +0 leather armour
 o - the +1 leather armour of Vurumeos {Dex+3 Slay+3}
   (You found it on level 3 of the Dungeon)

   Dex:       It affects your dexterity (+3).
   Slay:      It affects your accuracy & damage with ranged weapons and melee
   (+3).
 r - a +2 tower shield of cold resistance
 w - an orb of light
 A - a scarf of repulsion (worn)
Jewellery
 m - an amulet of faith (around neck)
 s - a +6 ring of dexterity (left claw)
Wands
 t - a wand of polymorph (12)
 z - a wand of mindburst (7)
 C - a wand of flame (17)
 D - a wand of iceblast (3)
Scrolls
 c - 5 scrolls of teleportation
 d - a scroll of amnesia {unknown}
 f - 2 scrolls of summoning {unknown}
 g - a scroll of fear
 q - a scroll of magic mapping {unknown}
 u - a scroll of vulnerability {unknown}
 y - a scroll of silence {unknown}
 B - a scroll of blinking {unknown}
Potions
 b - a potion of ambrosia
 j - 4 potions of heal wounds {unknown}
 k - 5 potions of curing
 l - 3 potions of haste
 n - 2 potions of might {unknown}
 p - a potion of brilliance
 v - 2 potions of lignification {unknown}
 x - a potion of magic {unknown}


   Skills:
 + Level 7.2 Fighting
 * Level 7.6 Armour
 - Level 3.7 Dodging
 - Level 2.1 Stealth
 + Level 5.2 Shields
 + Level 7.4 Unarmed Combat
 * Level 8.8 Invocations
 + Level 2.8 Evocations


You had 9 spell levels left.
You didn't know any spells.
Your spell library contained the following spells:

 Spells                   Type           Power      Damage    Failure   Level
 Blink                    Tloc           0%         N/A       100%        2
 Static Discharge         Conj/Air       0%         N/A       100%        2
 Gell's Gravitas          Tloc           0%         N/A       100%        3
 Teleport Other           Tloc           0%         N/A       100%        3
 Dispel Undead            Necr           0%         3d6       100%        4
 Passage of Golubria      Tloc           0%         N/A       100%        4
 Sticky Flame             Conj/Fire      0%         2d3       100%        4
 Manifold Assault         Tloc           0%         N/A       100%        5
 Silence                  Hex/Air        0%         N/A       100%        5
 Dispersal                Tloc           0%         N/A       100%        6
 Lehudib's Crystal Spear  Conj/Erth      0%         10d2      100%        8
 Beastly Appendage        Tmut           Unusable   N/A       N/A         1
 Wereblood                Tmut           Unusable   N/A       N/A         2
 Spider Form              Tmut/Pois      Unusable   N/A       N/A         3
 Storm Form               Tmut/Air       Unusable   N/A       N/A         7

Dungeon Overview and Level Annotations

Branches:
Dungeon (9/15)             Temple (0/1) D:6           Sewer (visited)
   Lair: D:8-11         Orc: D:9-12

Altars:
Nemelex Xobeh
Ru
Wu Jian


Innate Abilities, Weirdness & Mutations

You thrive by killing the living.
You are immune to poison.
You have sharp fingernails.
Your flesh is cold resistant. (rC+)
You are immune to negative energy. (rN+++)
You do not regenerate when monsters are visible.
You are immune to unholy pain and torment.


Message History

You start removing your armour.
You continue taking off your +2 tower shield of cold resistance.
The centaur shoots an arrow.
Keep disrobing?
The arrow barely misses you.
The centaur shoots an arrow.
The arrow hits you.
* * * LOW HITPOINT WARNING * * *
You block the killer bee's attack.
You continue taking off your +2 tower shield of cold resistance.
You block the killer bee's attack.
The centaur shoots an arrow.
The arrow hits your ynoxinul!
Your rakshasa hits the two-headed ogre with a +0 trident!!
The two-headed ogre dies!
You block the killer bee's attack.
You continue taking off your +2 tower shield of cold resistance.
The centaur shoots an arrow.
The arrow hits your ynoxinul!
The killer bee stings you but does no damage.
The wight closely misses your rakshasa.
Your ynoxinul gestures at the killer bee.
The iron shot hits the killer bee!!
The killer bee dies!
Your rakshasa closely misses the wight.
You continue taking off your +2 tower shield of cold resistance.
The wight barely misses your rakshasa.
Your rakshasa barely misses the orc.
You finish taking off your +2 tower shield of cold resistance.
You feel less resistant to cold.
The centaur shoots an arrow.
The arrow hits you.
* * * LOW HITPOINT WARNING * * *
The orc wizard gestures at you while chanting.
Your ynoxinul appears confused.
Your ynoxinul barely misses your rakshasa.
Your rakshasa blinks!
The centaur shoots an arrow.
The arrow hits your ynoxinul!
Your ynoxinul dies!
Your ynoxinul disappears in a puff of smoke!
A wight comes into view. It is wielding a +5 trident.
Things that are here:
a +0 flail; a killer bee corpse; an orc corpse The centaur shoots an arrow.
The arrow hits you!
You die...
Your body glows with a rainbow of weird colours and disappears.

###......# ).)......#
..R......# .†z.oc...#
....)....# #...o..#
##..)..# ##.).)###
#..z.@.# #..###.##
##.###..# ##......#
##.......# #####
##........#
....######.........###
.....................#
###.......†<.........#


You could see a centaur, 2 wights, an orc wizard, an orc and a friendly rakshasa
(summoned).

Vanquished Creatures
  2 centaur zombies
  Maggie (D:9)
  Prince Ribbit (D:5)
  A wyvern (D:7)
  A vampire (D:8)
  An acid dragon (D:9)
  3 water moccasins
  2 ice beasts (D:6)
  An orc warrior (D:8)
  An ogre (D:5)
  A wolf (D:7)
  2 centaurs (D:8)
  2 kobold brigands (D:8)
  2 lemures (D:7)
  2 bullfrogs (D:8)
  A scorpion (D:6)
  9 killer bees (D:9)
  A howler monkey (D:9)
  A bullfrog zombie (D:6)
  2 quasits
  5 hounds
  An iron imp (D:7)
  A jelly (D:7)
  2 orc priests
  A centaur skeleton (D:6)
  A bullfrog skeleton (D:6)
  4 iguanas
  5 orc wizards
  A howler monkey zombie (D:9)
  9 adders
  2 ufetubi
  An adder skeleton (D:4)
  2 worms (D:3)
  15 orcs
  2 ball pythons
  4 endoplasms
  4 giant cockroaches
  6 hobgoblins
  2 jackals (D:3)
  10 kobolds
  8 quokkas
  7 bats
  6 frilled lizards
  7 goblins
  7 rats
150 creatures vanquished.

Vanquished Creatures (collateral kills)
  A two-headed ogre (D:9)
  A troll (D:8)
  Grinder (D:5)
  The ghost of adizb the Ducker, an amateur DjFE (D:4)
  A vampire (D:9)
  A water moccasin (D:5)
  2 orc warriors
  A necrophage (D:7)
  A bullfrog (D:7)
  A wyvern skeleton (D:7)
  4 killer bees
  3 howler monkeys
  A jelly (D:8)
  3 quasits (D:4)
  A gnoll shaman (D:7)
  An orc wizard (D:9)
  4 gnolls (D:7)
  2 adders (D:5)
  A white imp (D:7)
  5 orcs
36 creatures vanquished.

Grand Total: 186 creatures vanquished

Notes
Turn   | Place    | Note
-------+----------+-------------------------------------------
     0 | D:1      | adizb the Ghoul Monk began the quest for the Orb.
     0 | D:1      | Reached XP level 1. HP: 19/19 MP: 0/0
   628 | D:2      | Reached XP level 2. HP: 23/26 MP: 1/1
   629 | D:2      | Reached skill level 1 in Armour
   771 | D:2      | Reached XP level 3. HP: 27/31 MP: 2/2
   811 | D:2      | Found a faded altar of an unknown god.
   872 | D:2      | Prayed at the altar of an unknown god.
   872 | D:2      | Became a worshipper of Nemelex Xobeh the Trickster
   872 | D:2      | Reached * piety under Nemelex Xobeh
   872 | D:2      | Received a gift from Nemelex Xobeh
   872 | D:2      | Reached ** piety under Nemelex Xobeh
  1083 | D:2      | Reached *** piety under Nemelex Xobeh
  1270 | D:3      | Reached skill level 1 in Shields
  1270 | D:3      | Reached XP level 4. HP: 40/40 MP: 3/3
  1277 | D:3      | Reached skill level 1 in Invocations
  1385 | D:3      | Received a gift from Nemelex Xobeh
  1476 | D:3      | Identified the +1 leather armour of Vurumeos {Dex+3 Slay+3}
  1499 | D:3      | Reached XP level 5. HP: 46/46 MP: 3/5
  1720 | D:3      | Found a glowing drain.
  1724 | Sewer    | Entered a sewer
  1749 | Sewer    | Noticed a water moccasin
  1753 | Sewer    | Killed a water moccasin
  1754 | Sewer    | Reached skill level 2 in Invocations
  1754 | Sewer    | Reached XP level 6. HP: 52/52 MP: 6/6
  2177 | D:4      | Received a gift from Nemelex Xobeh
  2241 | D:4      | Found a transporter.
  2299 | D:4      | Found a transporter.
  2319 | D:4      | Noticed adizb's ghost (amateur DjFE)
  2332 | D:4      | Killed adizb's ghost
  2333 | D:4      | Reached skill level 3 in Invocations
  2333 | D:4      | Reached XP level 7. HP: 45/60 MP: 6/8
  2473 | D:4      | Reached **** piety under Nemelex Xobeh
  2798 | D:5      | Entered Level 5 of the Dungeon
  2813 | D:5      | Noticed Prince Ribbit
  2825 | D:5      | Received a gift from Nemelex Xobeh
  2832 | D:5      | Killed Prince Ribbit
  2833 | D:5      | Reached skill level 4 in Invocations
  2833 | D:5      | Reached XP level 8. HP: 67/67 MP: 8/10
  2836 | D:5      | Noticed Grinder
  2845 | D:5      | Reached skill level 5 in Fighting
  2845 | D:5      | Reached skill level 5 in Unarmed Combat
  2845 | D:5      | Killed Grinder
  2846 | D:5      | Reached skill level 5 in Invocations
  3053 | D:5      | Received a gift from Nemelex Xobeh
  3454 | D:6      | Reached skill level 5 in Armour
  3472 | D:6      | Reached XP level 9. HP: 74/74 MP: 12/12
  3524 | D:6      | Reached skill level 6 in Invocations
  3540 | D:6      | Received a gift from Nemelex Xobeh
  3578 | D:6      | Found an ornate altar of the Wu Jian Council.
  3654 | D:6      | Found a staircase to the Ecumenical Temple.
  4140 | D:7      | Reached ***** piety under Nemelex Xobeh
  4177 | D:7      | Reached skill level 7 in Invocations
  4295 | D:7      | Noticed Pikel
  4303 | D:7      | Noticed Pikel
  4303 | D:7      | Pikel changed into Pikel the wolf
  4310 | D:7      | Killed Pikel the wolf
  4394 | D:7      | Received a gift from Nemelex Xobeh
  4527 | D:8      | Reached XP level 10. HP: 36/84 MP: 14/14
  4665 | D:8      | Found a sacrificial altar of Ru.
  4831 | D:8      | Reached skill level 8 in Invocations
  5066 | D:9      | Received a gift from Nemelex Xobeh
  5083 | D:9      | Reached skill level 1 in Evocations
  5120 | D:9      | Noticed Maggie
  5131 | D:9      | Killed Maggie
  5210 | D:9      | Reached skill level 5 in Shields
  5241 | D:9      | Noticed a two-headed ogre
  5245 | D:9      | Killed a two-headed ogre
  5250 | D:9      | Shot with an arrow by a centaur

Illustrated notes

Levels and vault maps discovered:
D:1:      saegor_arrival_under_anarchy, layout_rooms, serial_corexii_hall,
          chequers_hall_statues_y, chequers_hall_statues_y
D:2:      layout_loops_ring, basic_ecumenical_altar
D:3:      layout_basic, gup_sewer_entry_spiral
D:4:      layout_loops_ring, gammafunk_ghost_stat_death
D:5:      layout_cave_pools, minivault_24, uniq_grinder, uniq_prince_ribbit1
D:6:      layout_rooms, overflow_temple_1_default, minmay_temple_entry_trees,
          serial_park_tiny_2
D:7:      layout_gridville, fountainhead, uniq_pikel
D:8:      minmay_evil_eye, layout_rooms, nicolae_ru_sacrificial_ziggurat,
          minmay_manual_mess
D:9:      minmay_four_partial_circles, layout_rooms, david_lair_shrubbed,
          serial_shops, shop, introduction_to_nature_2, uniq_erolcha,
          uniq_maggie

Skill      XL: |  1  2  3  4  5  6  7  8  9 10 |
---------------+-------------------------------+-----
Armour         | 1 2 3 4 5 6 7 |  7.6
Dodging        | 3 |  3.7
Shields        | 1 2 3 4 5 |  5.2
Invocations    | 1 2 3 4 5 7 8 |  8.8
Fighting       | 4 5 6 7 |  7.2
Unarmed Combat | 4 5 6 7 |  7.4
Evocations     | 2 |  2.8
Stealth        | |  2.1

Action                   |  1- 3 |  4- 6 |  7- 9 | 10-12 || total
-------------------------+-------+-------+-------+-------++-------
Melee: Unarmed           |    93 |    90 |   221 |   103 ||   507
       Punch             |     2 |     2 |       |       ||     4
Invok: Draw Destruction  |     2 |     5 |    20 |     3 ||    30
       Draw Summoning    |       |     1 |     6 |     4 ||    11
       Draw Escape       |       |       |     1 |       ||     1
       Triple Draw       |       |       |       |     1 ||     1
  Use: Scroll            |       |       |     8 |       ||     8
       Potion            |       |       |     1 |       ||     1
 Stab: Distracted        |       |       |     1 |       ||     1
Armor: Plate armour      |    81 |    80 |   221 |    71 ||   453
Dodge: Dodged            |    18 |    20 |    43 |    16 ||    97
Block: Tower shield      |       |    13 |   267 |   150 ||   430
